zoologist, lawful male human Archeologist ------------- |..........{| ---------------- |............# |...(..........+ ----------+--# |..............| # |..............| # -.---.---------- # ## # # # # ### # #-------- # #.......| # |......| # ....@..| # |$....>| ------.-------- -------- +.........{..<| |.............+ --------------- zoologist the Field Worker Experience level: 3 Strength: 14 Dexterity: 9 Constitution: 14 Intelligence: 13 Wisdom: 15 Charisma: 12 Health: 0(20) Energy: 7(7) Def: 2 Gold: 742 Moves: 2132 Dungeon seed: 0WsTMXONN1lnY1aD Game ID: zoologist_1526197593 Your Inventory: Coins $ - 742 gold pieces Amulets A - an uncursed amulet of ESP Weapons a - a +2 bullwhip u - a cursed +0 orcish dagger (weapon in hand) Armor e - a blessed +0 leather jacket (being worn) n - an uncursed +0 fedora (being worn) r - a cursed +0 cloak of magic resistance (being worn) y - an uncursed +0 leather cloak z - a cursed -1 pair of fumble boots (being worn) Comestibles b - 3 uncursed food rations U - an uncursed slime mold Scrolls l - a blessed scroll of blank paper C - 2 cursed scrolls of identify Spellbooks S - an uncursed spellbook of jumping T - an uncursed spellbook of teleport away Potions h - an uncursed potion of acid i - a blessed potion of object detection k - an uncursed potion of gain ability p - an uncursed potion of blindness t - an uncursed potion of healing v - an uncursed potion of see invisible G - a potion of unholy water H - a cursed potion of object detection I - a cursed potion of enlightenment J - a cursed potion of speed Rings o - a cursed ring of cold resistance K - an uncursed ring of fire resistance L - a cursed ring of invisibility M - a cursed ring of shock resistance Wands x - a wand of cold (0:4) O - a cursed wand of enlightenment (0:13) P - a cursed wand of magic missile (0:3) Q - a cursed wand of undead turning (0:4) R - a wand of striking (0:7) Tools d - a tinning kit (0:89) f - an uncursed sack w - an uncursed tin whistle Gems q - an uncursed touchstone N - an uncursed worthless piece of violet glass Y - an uncursed fluorite stone Spells and supernatural/magical abilities: Name Level Category Fail Memory W - pray for help -- divine ? -- Your skills at the end: Fighting Skills Weapon Skills pick-axe [Basic] whip [Basic] Spellcasting Skills Final Attributes: You were piously aligned. You were magic-protected. You fumbled. You were stealthy. You were fast. You are dead. Vanquished creatures: a rothe a wererat a large kobold 2 geckos 5 jackals 2 foxes a goblin 4 sewer rats 2 grid bugs a bat 5 lichens 2 kobold zombies 9 newts 36 creatures vanquished. Voluntary challenges: You had followed a strict vegan diet until turn 1849. You had followed a strict vegetarian diet until turn 2015. You were an atheist. You used a wielded weapon 25 times, starting on turn 130. You read items or engraved 9 times, starting on turn 67. You never genocided any monsters. You never polymorphed an object. You never changed form. You used no wishes. You never split a pudding. You wrote Elbereth's name 4 times, starting on turn 67. You never violated your personal moral code. Dungeon overview: The Dungeons of Doom: levels 1 to 5 Level 1 a long staircase Level 2 a fountain Level 3 a long staircase Level 4 Level 5 <- You were here some fountains History has recorded: On T:1 you entered the Dungeons of Doom to retrieve the Amulet of Yendor! On T:283 you reached level 2 of The Dungeons of Doom. On T:1023 you reached level 3 of The Dungeons of Doom. On T:1070 you advanced to experience level 2. On T:1602 you advanced to experience level 3. On T:1708 you reached level 4 of The Dungeons of Doom. On T:1995 you reached level 5 of The Dungeons of Doom. Score breakdown: Gold: 742 ( 9766 points) Experience: 3 levels ( 7878 points) Exploration: 5 levels ( 10.42%) ( 8751 points) Discoveries: 12 items ( 4.03%) ( 6020 points) Valuables value: (no points given unless you survive) Artifact value: 0 ( 0 points) Variety of kills: 13 monsters ( 3.41%) ( 5541 points) Turncount: 2132 turns ( -95 points) Survival: died (score multiplied by 80%) Total score: 30288 Latest messages: You see here a violet gem. N - a violet gem. The fox bites! (2x) You trip over your own feet. You make a lot of noise! The fox misses. You see here a slime mold. U - a slime mold. As you read the scroll, it disappears. This is an identify scroll. A - an uncursed amulet of ESP. You write in the dust with your fingers. You kill the fox! The bolt of cold bounces! The bolt of cold hits you! You die... The sack is empty. The sack is empty. Final status: Goodbye zoologist the Archeologist, killed by a bolt of cold... You died in The Dungeons of Doom on dungeon level 5 with 30288 points, and 742 pieces of gold, after 2132 moves. You were level 3 with a maximum of 20 hit points when you died.